 Dungeon Crawl Stone Soup version 0.28-a0-851-g8b9cc49659 (webtiles) character file.

Game seed: 17026792770005046068

319 Crownlay the Conjurer (level 6, 0/67 HPs)
             Began as a Draconian Conjurer on Nov 14, 2021.
             Succumbed to a scorpion's poison
             ... on level 4 of the Dungeon.
             The game lasted 00:05:32 (4375 turns).

Crownlay the Conjurer (Draconian Conjurer)          Turns: 4375, Time: 00:05:33

Health: 0/67       AC:  7    Str:  9    XL:     6   Next: 21%
Magic:  2/13       EV: 12    Int: 20    God:
Gold:   173        SH:  0    Dex: 10    Spells: 12/15 levels left

rFire   . . .      SeeInvis .   j - staff of air
rCold   . . .      Faith    .   (no shield)
rNeg    . . .      Spirit   .   (armour unavailable)
rPois   .          Reflect  .   (helmet restricted)
rElec   +          Harm     .   (no cloak)
rCorr   .          Rampage  .   u - +0 pair of gloves
Will    .....      Rage     1%  (no boots)
Stlth   ..........              (no amulet)
HPRegen 0.21/turn               (no ring)
MPRegen 0.13/turn               (no ring)

@: mighty, berserking (expiring), lethally poisoned (0 -> -3), attractive, very
quick
A: AC +6, unfitting armour, cold-blooded, berserk 1, sense surroundings 1
a: no special abilities


You were on level 4 of the Dungeon.
You visited 1 branch of the dungeon, and saw 4 of its levels.

You collected 173 gold pieces.

Inventory:

Armour
 f - a +0 kite shield
 u - a +0 pair of gloves (worn)
Magical Staves
 j - a staff of air (weapon)
Wands
 m - a wand of digging (4)
Scrolls
 c - 2 scrolls of identify {unknown}
 e - a scroll of immolation
 g - a scroll of blinking {unknown}
 k - a scroll of fear {unknown}
 l - 2 scrolls of magic mapping {unknown}
 o - a scroll of amnesia {unknown}
 p - a scroll of silence {unknown}
 q - a scroll of teleportation {unknown}
 r - a scroll of enchant weapon {unknown}
Potions
 a - a potion of brilliance {unknown}
 b - a potion of mutation
 h - a potion of curing {unknown}
 i - a potion of heal wounds {unknown}
 s - a potion of haste {unknown}


   Skills:
 - Level 1.7 Dodging
 - Level 1.7 Stealth
 * Level 5.1 Spellcasting
 + Level 5.4 Conjurations


You had 12 spell levels left.
You knew the following spells:

 Your Spells              Type           Power      Damage    Failure   Level
a - Magic Dart            Conj           100%       1d8       1%          1
b - Searing Ray           Conj           52%        2d6       1%          2

Your spell library contained the following spells:

 Spells                   Type           Power      Damage    Failure   Level
 Dazzling Flash           Conj/Hex       30%        N/A       12%         3
 Fulminant Prism          Conj/Hex       7%         3d7       36%         4
 Iskenderun's Mystic Bla  Conj/Tloc      15%        2d5       36%         4


Dungeon Overview and Level Annotations

Branches:
Dungeon (4/15)
 Temple: D:4-7

Altars:

Shops:
D:2 [


Innate Abilities, Weirdness & Mutations

Your plain brown scales are hard. (AC +6)
You cannot fit into any form of body armour.
You are cold-blooded and may be slowed by cold attacks.
You tend to lose your temper in combat.
You passively map a small area around you.


Message History

Your Spellcasting skill increases to level 5!
You have reached level 6!
Your experience leads to an increase in your attributes!
Increase (S)trength, (I)ntelligence, or (D)exterity?
You feel clever.
Your scales feel tougher.
Casting: Searing Ray (safe; 1% risk of failure)
Confirm with . or Enter, or press ? or * to list all spells.
Restarting spell: Searing Ray (safe; 1% risk of failure)
Press: ? - help, Shift-Dir - straight line, f - dart slug
Aim: a dart slug (severely wounded, 100% to hit)
The searing ray hits the dart slug.
You kill the dart slug! (Press . to maintain the ray.)
* * * LOW HITPOINT WARNING * * *
You feel very sick.
It was a potion of mutation.
You feel extremely strange.
You feel a little pissed off.
You feel a strange attunement to the structure of the dungeons.
* * * LOW HITPOINT WARNING * * *
You feel very sick.
It was a potion of attraction.
You feel attractive to monsters.
* * * LOW HITPOINT WARNING * * *
You feel sick.
Okay, then.
It was a potion of might.
You feel very mighty all of a sudden.
* * * LOW HITPOINT WARNING * * *
You feel sick.
It was a potion of berserk rage.
A red film seems to cover your vision as you go berserk!
You feel yourself moving faster!
You feel mighty!
* * * LOW HITPOINT WARNING * * *
You feel sick.
You are too berserk!
You feel a strong urge to attack something.
* * * LOW HITPOINT WARNING * * *
You feel sick.
You feel your anger nearly subside.
You die...

...........# #....# ...........#
#....# ...........# , ,#....#
...........## , #....#########
.#+##.......#+#####....#.......#
.# #.......#.....'....#...#...#
.# #.......+.....#....#...#...#
.# #.......#.....#....#...#...#
.#..........#...@.#....#...#...#
.#.....................#...#...#
.#...##.#.##.###.####..#.#####'#
#... #.#.##.###.####.##'###...#
.... #...............#........#
.. #.#.#.##†###.##.#........# ,
..#.. ..........#........# *
.#.##.#.##..........#
#........##.+........#


There were no monsters in sight!

Vanquished Creatures
  An ogre (D:4)
  A scorpion (D:4)
  An iguana (D:4)
  4 adders
  3 gnolls (D:4)
  2 shadow imps (D:4)
  2 worms
  4 dart slugs
  2 ball pythons
  5 bats
  7 endoplasms
  6 giant cockroaches
  6 goblins
  6 hobgoblins
  2 kobolds
  4 quokkas
  A frilled lizard (D:3)
  4 rats
61 creatures vanquished.

Notes
Turn   | Place    | Note
-------+----------+-------------------------------------------
     0 | D:1      | Crownlay the Draconian Conjurer began the quest for the
                  | Orb.
     0 | D:1      | Reached XP level 1. HP: 14/14 MP: 3/3
   292 | D:1      | Reached XP level 2. HP: 20/20 MP: 1/5
   473 | D:1      | Found a faded altar of an unknown god.
   859 | D:1      | Learned a level 2 spell: Searing Ray
  1189 | D:2      | Found Goagum's Antique Armour Shop.
  1215 | D:2      | Reached XP level 3. HP: 26/26 MP: 1/7
  1564 | D:2      | You fall into a shaft and drop 2 floors!
  1622 | D:4      | Noticed a scorpion
  2557 | D:2      | Reached XP level 4. HP: 33/33 MP: 6/9
  4042 | D:4      | Noticed an ogre
  4048 | D:4      | Killed an ogre
  4049 | D:4      | Reached skill level 5 in Conjurations
  4049 | D:4      | Reached XP level 5. HP: 38/38 MP: 2/11
  4368 | D:4      | Reached skill level 5 in Spellcasting
  4368 | D:4      | Reached XP level 6. HP: 11/45 MP: 3/13
  4369 | D:4      | Gained mutation: You tend to lose your temper in combat.
                  | [potion of mutation]
  4369 | D:4      | Gained mutation: You passively map a small area around you.
                  | [potion of mutation]
  4371 | D:4      | HP: 2/45 [poisoned by a scorpion]
  4375 | D:4      | Succumbed to a scorpion's poison

Illustrated notes

Levels and vault maps discovered:
D:1:      lightli_iron_boxes, layout_loops_cross,
          hellmonk_ecumenical_altar_blasted, minmay_distorted
D:2:      layout_basic, serial_shops, shop
D:3:      layout_loops_corners, serial_glass, glass_columns_a, glass_columns_c,
          grunt_ministairs_15, chequers_mini_garden
D:4:      minmay_wonky_spiral, layout_gridville, serial_bayou_pond_a,
          minmay_diced_spiral

Skill      XL: |  1  2  3  4  5 |
---------------+----------------+-----
Spellcasting   | 3 4 5 |  5.1
Conjurations   | 5 |  5.4
Dodging        | |  1.7
Stealth        | |  1.7

Action                   |  1- 3 |  4- 6 || total
-------------------------+-------+-------++-------
Melee: Unarmed           |    17 |       ||    17
       Tailslap          |     3 |       ||     3
 Cast: Magic Dart        |    83 |    37 ||   120
       Searing Ray       |     5 |     9 ||    14
  Use: Potion            |       |     4 ||     4
Armor: Skin              |     9 |     1 ||    10
Dodge: Dodged            |    20 |     7 ||    27

Table legend: (Time is in decaauts)
 A = Elapsed time spent in this place.
 B = Non-inter-level travel time spent in this place.
 C = Inter-level travel time spent in this place.
 D = Time resting spent in this place.
 E = Time spent auto-exploring this place.
 F = Levels seen in this place.
 G = Mean time per level.
                   A        B        C        D        E       F      G
               +--------+--------+--------+--------+--------+-----+--------+
         Total |   4377 |   4313 |     64 |    183 |   3526 |   4 | 1094.2 |
       Dungeon |   4377 |   4313 |     64 |    183 |   3526 |   4 | 1094.2 |
               +--------+--------+--------+--------+--------+-----+--------+

Top non-repeatable levels by time:
     D:2: 1261 daAuts
     D:3: 1146 daAuts
     D:1: 1141 daAuts
     D:4: 828 daAuts
